[Event "German-ch Blitz Women 2022"]
[Site "Magdeburg"]
[Date "2022.08.13"]
[Round "6.2"]
[White "Zhou, Lepu Coco"]
[Black "Schulze, Lara"]
[Result "0-1"]
[ECO "B31"]
[WhiteElo "1986"]
[BlackElo "2292"]
[Annotator "TA"]
[PlyCount "54"]
[EventDate "2022.08.10"]
[EventType "tourn"]
[EventCountry "GER"]
[SourceTitle "playchess.com"]
[Source "ChessBase"]
[SourceQuality "1"]
[TimeControl "180+2"]

1. e4 c5 2. Nf3 Nc6 3. Bb5 g6 4. c3 Nf6 5. e5 Nd5 $1 6. d4 {[%emt 0:00:02] B31: Sicilian: 2...Nc6 3 Bb5 g6.} cxd4 7. cxd4 $2 {[%emt 0:00:02][%mdl 8192] [#]} (7. O-O $11) 7... Qa5+ $19 8. Nc3 {[%emt 0:00:14] Black is winning.} Nxc3 9. bxc3 Qxb5 10. d5 Na5 {[%emt 0:00:08][%cal Bc6a5,Ba5c4,Bc4e3,Be3f1][%mdl 32] [#]} 11. d6 $146 ({Predecessor:} 11. Be3 Nc4 12. O-O Nxe3 13. fxe3 Bh6 14. Qd2 O-O 15. Rab1 Qc5 16. Rfe1 b6 17. Rb4 {0-1 (34) Blanco,N (1776)-Isayeva,A (2025) Khanty-Mansiysk 2010}) 11... exd6 12. exd6 Bg7 {[%emt 0:00:21] Against Qd4} 13. Nd4 Qe5+ 14. Ne2 O-O 15. O-O Nc4 16. Bf4 Qf5 17. Bg3 b6 18. Nd4 Qd5 19. Qg4 Bb7 {[%emt 0:00:03][%csl Gb7][%cal Rd5g2] [#]} 20. f3 Ne3 21. Qxd7 Nxf1 22. Rxf1 Rad8 23. Qc7 Rc8 24. Qe7 Rcd8 $2 (24... Rfe8 $19 25. Qd7 Ba6) 25. Ne2 $2 (25. Qc7 $11 Rc8 26. Qe7) 25... Rfe8 {[%emt 0:00:05] Black is clearly winning.} 26. Qc7 Qc5+ 27. Qxc5 bxc5 {[%emt 0:00:01] Black took control after the opening.  Weighted Error Value: White=0.95/Black=0.09 (flawless)} 0-1

[Event "German-ch Blitz Women 2022"]
[Site "Magdeburg"]
[Date "2022.08.13"]
[Round "6.3"]
[White "Muetsch, Annmarie"]
[Black "Melamed, Tatjana"]
[Result "1/2-1/2"]
[ECO "B03"]
[WhiteElo "2249"]
[BlackElo "2380"]
[Annotator "TA"]
[PlyCount "113"]
[EventDate "2022.08.10"]
[EventType "tourn"]
[EventCountry "GER"]
[SourceTitle "playchess.com"]
[Source "ChessBase"]
[SourceQuality "1"]
[TimeControl "180+2"]

1. e4 Nf6 2. e5 Nd5 3. d4 d6 4. Bc4 e6 5. Nf3 Be7 6. O-O {[%emt 0:00:03] B03: Alekhine's Defence: Four Pawns Attack.} O-O 7. c3 Nc6 (7... c5 $11 {remains equal.}) 8. Qe2 dxe5 9. dxe5 {[%emt 0:00:04] [#]} Bc5 $146 ({Predecessor:} 9... a6 10. Nbd2 b5 11. Bd3 Nf4 12. Bxh7+ Kxh7 13. Qe4+ Ng6 14. Qxc6 Rb8 15. Qe4 Bb7 {1-0 (32) Chan,N (1883)-Radchuk,Y Moscow 2015}) 10. Bg5 Be7 11. Bd2 Bc5 12. a4 a5 13. Na3 (13. Bd3 {with more complications.} f5 14. exf6 gxf6 15. Bh6) 13... Nce7 14. Nc2 Ng6 15. Rad1 Qe7 16. Bg5 Qe8 17. Bb5 (17. Bxd5 exd5 18. b3 (18. Rxd5 b6 $11) 18... c6 $11) 17... c6 $1 18. Bc4 b6 19. Ncd4 Bb7 20. h4 h6 21. Bc1 (21. h5 $5 ) 21... Qe7 22. g3 Rfd8 23. Bd3 Nf8 (23... Qe8 $14) 24. h5 (24. Nb3 $1 $16) 24... Rac8 (24... Qe8 $1 $14) 25. Qe4 $2 {[%emt 0:00:05] White is more active.} (25. Nb3 $1 $16) 25... f5 (25... Bxd4 $5 26. Qxd4 (26. Nxd4 $2 c5 $19) 26... Nb4 $1 $17) 26. exf6 Nxf6 27. Qh4 (27. Qe2 $1 $11) 27... Rd5 (27... Bxd4 $5 28. Nxd4 c5 $15) 28. g4 N6h7 $2 (28... Bxd4 $11 29. Nxd4 (29. cxd4 c5 $11) 29... c5) 29. Qxe7 $18 Bxe7 30. Bc4 $1 c5 $2 {[%emt 0:00:20] [#]} (30... Bd6 31. Rfe1 Nf6 32. Bxd5 (32. Nxe6 Rxd1 33. Rxd1 Nd5 $18) 32... cxd5 33. Nxe6 Bc6) 31. Nxe6 $1 Rxd1 32. Rxd1 Bxf3 (32... Nxe6 $142 33. Bxe6+ Kf8) 33. Ng5+ Kh8 34. Nf7+ Kg8 35. Nxh6+ Kh8 36. Nf7+ Kg8 37. Ne5+ Kh8 38. Ng6+ $4 (38. Nxf3 $18 {and all is fine.} Nf6 39. Ne5) 38... Nxg6 $19 39. Re1 {[%emt 0:00:07] [#]} Rd8 $2 40. hxg6 $11 Rd1 (40... Nf6 $2 41. Rxe7 Rd1+ 42. Kh2 $18) 41. Rxd1 Bxd1 42. gxh7 Bxa4 $14 {[%emt 0:00:02][%mdl 4096] Endgame KBB-KBB} 43. Bd3 Be8 $1 44. Bf4 a4 45. Bc7 b5 46. f4 g6 47. f5 Kxh7 48. Kf2 gxf5 49. Bxf5+ Kg7 50. Be5+ Bf6 51. Bd6 c4 52. Ba3 Bc6 53. Kg3 Be5+ 54. Kh4 Bf6+ ({Black should play} 54... Kf6 $15) 55. g5 Be5 56. Kg4 {[%emt 0:00:02] Prevents Bf4.} Bd5 (56... Kf7 $14) 57. Bb4 {[%emt 0:00:02] What a bad dream for Black.  Weighted Error Value: White=0.31/Black=0.35} (57. Bd7 $16) 1/2-1/2

[Event "German-ch Blitz Women 2022"]
[Site "Magdeburg"]
[Date "2022.08.13"]
[Round "6.4"]
[White "Daemering, Katrin"]
[Black "Staerk, Elisa"]
[Result "0-1"]
[ECO "B06"]
[WhiteElo "1965"]
[BlackElo "1947"]
[Annotator "TA"]
[PlyCount "64"]
[EventDate "2022.08.10"]
[EventType "tourn"]
[EventCountry "GER"]
[SourceTitle "playchess.com"]
[Source "ChessBase"]
[SourceQuality "1"]
[TimeControl "180+2"]

1. e4 g6 2. d4 Bg7 3. Be3 c5 4. c3 cxd4 5. cxd4 d5 6. Nc3 {[%emt 0:00:03] B06: Modern Defence.} dxe4 7. Nxe4 Nc6 8. Ne2 {[%emt 0:00:11] Black has an edge.} Nf6 {[%emt 0:00:11] [#]} 9. N4c3 $146 ({Predecessor:} 9. Nxf6+ Bxf6 10. Qd2 O-O 11. Rd1 Qd6 12. Nc3 Bf5 13. a3 Rfd8 14. Nb5 Qd7 15. d5 {½-½ (34) Gonzalez Guijas,S (1386)-Rico Carretero,J (1795) Gijon 2021}) 9... O-O 10. h3 {[%emt 0:00:03] Inhibits Ng4.} e6 11. Qd2 Nd5 12. Nxd5 Qxd5 13. Rd1 Bd7 {[%emt 0:00:04] Black is more active.} (13... Qxa2 $17 {Hoping for ...Rd8.} 14. h4 b6) 14. Nc3 $11 Qa5 15. Be2 Ne7 16. O-O Nf5 17. a3 Nxe3 18. fxe3 Bc6 19. Bf3 Rac8 20. Qf2 Qg5 21. Bxc6 Rxc6 22. Ne4 Qe7 23. Rc1 Rfc8 24. Rc3 Rxc3 25. bxc3 (25. Nxc3 $11 Rd8 26. Qd2) 25... b6 $4 {[%emt 0:00:06][%mdl 8192] [#]} (25... f5 $19 {and life is good for Black.} 26. Nd2 (26. Nc5 $2 b6 $19) 26... Rxc3) 26. Qd2 $4 (26. Qxf7+ $1 $18 {[%mdl 512] is the narrow road to win.} Qxf7 27. Rxf7) 26... f5 27. Nf2 Qc7 (27... Qxa3 $19 28. Nd1 a5) 28. Rc1 Bh6 29. Kh1 ({White should try} 29. Nd3) 29... Qg3 30. Nd1 (30. Re1 $17 {was necessary.}) 30... f4 $19 31. Qe2 (31. Qf2) 31... fxe3 32. Nb2 Bf4 {[%emt 0:00:05] Weighted Error Value: White=0.96/Black=0.42} 0-1

[Event "German-ch Blitz Women 2022"]
[Site "Magdeburg"]
[Date "2022.08.13"]
[Round "6.5"]
[White "Khrapko, Marharyta"]
[Black "Zschischang, Marine"]
[Result "0-1"]
[ECO "A01"]
[WhiteElo "2128"]
[BlackElo "2083"]
[Annotator "TA"]
[PlyCount "88"]
[EventDate "2022.08.10"]
[EventType "tourn"]
[EventCountry "GER"]
[SourceTitle "playchess.com"]
[Source "ChessBase"]
[SourceQuality "1"]
[TimeControl "180+2"]

1. b3 e6 2. Bb2 d5 3. e4 dxe4 4. Nc3 Nf6 5. Qe2 Bb4 6. O-O-O Qe7 $1 {[%emt 0:00:03] The main line 6...Qe7 scores better than 6...Bxc3. C00: French: Unusual White 2nd moves.} 7. Kb1 O-O 8. Nxe4 Nxe4 (8... Nbd7 $11) 9. Qxe4 $14 {[%emt 0:00:02] [#]} a5 $146 ({Predecessor:} 9... Ba3 10. Ba1 a5 11. h4 a4 12. g4 axb3 13. cxb3 Nd7 14. Bd3 f5 15. gxf5 Nc5 {1-0 (24) Demirtas,H (1794)-Grigoryan,A (1959) Riga 2018}) 10. a4 Nd7 11. h4 f5 12. Qf3 (12. Qe3 $16) 12... e5 (12... Nf6 $11 {keeps the balance.}) 13. Bc4+ Kh8 14. Nh3 Nb6 $1 (14... Qxh4 $2 15. Qe3 h6 16. Nf4 $1 $18 (16. Ng5 f4 $16)) 15. Bb5 ({White should try} 15. d3 $14) 15... c6 $11 16. Bf1 Be6 (16... Ba3 $11) 17. Ng5 (17. h5 $16) 17... Bd5 18. Qe3 {[%emt 0:00:00][%csl LRb6,LRe5] [#]} (18. Qh5 $5 Bg8 19. Nf3 $11) 18... Rae8 $1 19. f4 (19. c4 $5 ) 19... Nd7 20. Bd3 $2 (20. fxe5 $14 {stays ahead.} Nxe5 21. c4) 20... e4 $1 $17 ({Worse is} 20... Bxg2 21. Rhe1 $11) 21. Be2 Nf6 {[%emt 0:00:05] Against Bh5} 22. h5 h6 23. Nh3 Bd6 24. Rhg1 Bf7 (24... Bc5 $19 25. Bd4 Bxd4 26. Qxd4 Bf7) 25. Nf2 (25. g4 $17 fxg4 26. Bxg4) 25... Bxh5 $2 (25... Bc5 $19 26. Qg3 Qd8) 26. Bxh5 (26. Bxf6 $16 Rxf6 27. Bxh5) 26... Nxh5 $11 27. Rh1 $2 (27. Qh3 $11 Nxf4 28. Qxh6+ Kg8 29. Bxg7 Qxg7 30. Qxd6) 27... Bxf4 $19 28. Qc3 Nf6 29. g3 Bg5 30. Nh3 Kg8 $2 (30... Nd5 $19 {has better winning chances.} 31. Qc4 Bf6) 31. Nxg5 $17 hxg5 32. Qe3 Ng4 $1 33. Qg1 (33. Qe2 $17) 33... Kf7 34. Rf1 {[%emt 0:00:02] [#]} Ke6 (34... Kg6 $1 $19 35. Rd1 Rh8) 35. Qd4 Rd8 36. Qc4+ {[%emt 0:00:02] [#]} Kd7 $2 (36... Rd5 $1 $19 {Hoping for ...Rfd8.} 37. Qe2 Kd7) 37. d3 $2 (37. Bc3 $1 $11 {and White stays safe.}) 37... Kc8 $19 {[%emt 0:00:07] Threatens to win with ...Ne3.} 38. Rh7 $2 (38. Bd4 exd3 39. Bc5) 38... Nf6 $2 (38... Ne3 39. Qc3 Nxf1 40. dxe4 Nd2+ 41. Ka2 Nxe4 42. Qxa5 Rf7 43. Qa8+ Kc7 44. Qa5+ Kd7) 39. Rh2 e3 40. Rxf5 $2 (40. Qc3 f4 41. gxf4 gxf4 42. Qxa5) 40... Nd5 $2 (40... e2 $19 {and Black stays clearly on top.} 41. Bc3 Nd5 42. Rxd5 e1=Q+ 43. Bxe1 Qxe1+ 44. Kb2 Rxd5) 41. Re2 {[%emt 0:00:02][%mdl 8192] This costs White the game.} Rxf5 42. Qg4 Qd7 {[%emt 0:00:02] ( -> ...Rf1+)} 43. c4 Nb4 44. Rxe3 Rf1+ {[%emt 0:00:01] Weighted Error Value: White=1.01/Black=0.64} 0-1

[Event "German-ch Blitz Women 2022"]
[Site "Magdeburg"]
[Date "2022.08.13"]
[Round "6.6"]
[White "Grabowski, Petra"]
[Black "Schuster, Rebekka"]
[Result "1-0"]
[ECO "A84"]
[WhiteElo "1643"]
[BlackElo "1815"]
[Annotator "NA RC COMBH"]
[PlyCount "29"]
[EventDate "2022.08.10"]
[EventType "tourn"]
[EventCountry "GER"]
[SourceTitle "playchess.com"]
[Source "ChessBase"]
[SourceQuality "1"]
[TimeControl "180+2"]

1. d4 e6 2. c4 f5 3. Nc3 Nf6 4. h4 Be7 5. h5 d6 6. h6 gxh6 7. Bxh6 Ng4 8. Bd2 Nc6 9. d5 Nce5 10. e3 Ng6 11. Be2 N4e5 12. Bh5 Bd7 13. Qe2 O-O 14. Nf3 Be8 15. dxe6 1-0

[Event "German-ch Blitz Women 2022"]
[Site "Magdeburg"]
[Date "2022.08.13"]
[Round "6.7"]
[White "Braun, Kristin"]
[Black "Fock, Sana"]
[Result "1-0"]
[ECO "B90"]
[WhiteElo "1897"]
[BlackElo "1807"]
[Annotator "NA RC COMBH"]
[PlyCount "81"]
[EventDate "2022.08.10"]
[EventType "tourn"]
[EventCountry "GER"]
[SourceTitle "playchess.com"]
[Source "ChessBase"]
[SourceQuality "1"]
[TimeControl "180+2"]

1. e4 c5 2. Nf3 d6 3. d4 cxd4 4. Nxd4 Nf6 5. Nc3 a6 6. Qf3 Nbd7 7. Nf5 Ne5 8. Qe2 e6 9. f4 exf5 10. fxe5 dxe5 11. exf5 Bxf5 12. Qxe5+ Be6 13. Bg5 Be7 14. Bd3 h6 15. Bf4 O-O 16. O-O-O Ng4 17. Qe4 Nf6 18. Qxb7 Qc8 19. Qxc8 Rfxc8 20. Rhe1 Bb4 21. Be5 a5 22. a3 Be7 23. Nb5 Nd5 24. Nd6 Bg5+ 25. Kb1 Rd8 26. Nc4 Nb4 27. axb4 axb4 28. Bc7 Rd7 29. Bd6 Rda7 30. c3 Bxc4 31. Bxc4 b3 32. Bxb3 Ra1+ 33. Kc2 Rxd1 34. Rxd1 Rd8 35. Bg3 Re8 36. Rd7 Re2+ 37. Kb1 Rxg2 38. Rxf7 Kh8 39. Bc2 Rg1+ 40. Ka2 Rg2 41. Rf8# 1-0

[Event "German-ch Blitz Women 2022"]
[Site "Magdeburg"]
[Date "2022.08.13"]
[Round "6.8"]
[White "Skibbe, Diana"]
[Black "Heil, Marina"]
[Result "0-1"]
[ECO "B07"]
[WhiteElo "1943"]
[BlackElo "1926"]
[Annotator "TA"]
[PlyCount "86"]
[EventDate "2022.08.10"]
[EventType "tourn"]
[EventCountry "GER"]
[SourceTitle "playchess.com"]
[Source "ChessBase"]
[SourceQuality "1"]
[TimeControl "180+2"]

1. e4 d6 2. d4 Nf6 3. Nc3 Nbd7 4. Nf3 e5 5. Bd3 c6 6. Bd2 {[%emt 0:00:05] C41: Philidor Defence.} Be7 {[%emt 0:00:02] [#]} 7. h3 $146 ({Predecessor:} 7. Qe2 a5 8. a4 O-O 9. O-O Re8 10. Rfe1 Qb6 11. dxe5 dxe5 12. Bc4 h6 13. b3 {1-0 (57) Monteiro,D (1590)-Horisch,J (1824) Florianopolis 2020}) 7... h6 8. Qe2 {[%emt 0:00:03] White has an edge.} a5 9. O-O Qc7 (9... exd4 $11 10. Nxd4 O-O) 10. Nh4 (10. Nd1 $14 {keeps the upper hand.}) 10... g6 ({Better is} 10... exd4 $17 11. Nb1 Ne5) 11. d5 (11. Nf3 $14) 11... Nxd5 $11 12. Nxg6 $2 {[%emt 0:00:23][%mdl 8192] Loses the game.} (12. exd5 $11 {and White stays safe.} Bxh4 13. f4) 12... Nxc3 $19 13. Bxc3 fxg6 14. f4 O-O 15. Qg4 Kh7 16. f5 g5 17. Qh5 {[%emt 0:00:06] [#] Threatens to win with Qg6+.} Rg8 {[%emt 0:00:06] Prevents Qg6+.} ({Weaker is} 17... Rf6 18. Bd2 $17) 18. Bc4 Rg7 (18... d5 $142 19. Bd3 Nf6) 19. Qe2 $2 (19. Bf7 {was forced.}) 19... Nf6 20. g4 b5 21. Bd3 Qb6+ 22. Kh1 Bb7 23. Bd2 c5 {[%emt 0:00:06] ...c4 is the strong threat.} 24. c4 bxc4 25. Bc2 Qxb2 26. Rfc1 Qb6 27. Rab1 Qc6 28. Re1 a4 29. Kh2 d5 30. exd5 Qxd5 31. Bc3 Bd6 32. Be4 Nxe4 33. f6 Nxf6 34. Qc2+ e4+ 35. Kg1 Kh8 36. Bxf6 e3 $2 37. Rxb7 $2 (37. Bxg7+ Kxg7 38. Qb2+ Kg6 39. Qxb7) 37... Qxb7 38. Rxe3 {[%emt 0:00:03] [#]} Bf4 $1 39. Re7 (39. Re6 Rf8) 39... Qxe7 40. Bxe7 Rxe7 41. Qxc4 Rd8 {[%emt 0:00:00] Black mates.} 42. Qxc5 Be3+ 43. Qxe3 Rxe3 {[%emt 0:00:00] Weighted Error Value: White=0.84/Black=0.40} 0-1

[Event "German-ch Blitz Women 2022"]
[Site "Magdeburg"]
[Date "2022.08.13"]
[Round "6.9"]
[White "Rath, Alina"]
[Black "Leveikina, Jevgenija"]
[Result "1/2-1/2"]
[ECO "A11"]
[WhiteElo "2062"]
[BlackElo "2061"]
[Annotator "TA"]
[PlyCount "79"]
[EventDate "2022.08.10"]
[EventType "tourn"]
[EventCountry "GER"]
[SourceTitle "playchess.com"]
[Source "ChessBase"]
[SourceQuality "1"]
[TimeControl "180+2"]

1. c4 c6 2. g3 d5 3. Bg2 Nf6 4. d3 Bf5 5. b3 e6 6. Bb2 Nbd7 7. Nf3 Be7 8. O-O h6 9. e3 {[%emt 0:00:01] A12: English Opening: 1...c6 with b3 by White.} O-O 10. Qe2 {[%emt 0:00:02] [#]} Nc5 $146 ({Predecessor:} 10... a5 11. Nc3 Bh7 12. Rfd1 Qc7 13. e4 dxe4 14. dxe4 e5 15. Nh4 Rfe8 16. Nf5 Bxf5 17. exf5 {1-0 (48) Albuquerque,W (2209)-Shuvalov,E (2182) Chess.com INT 2020}) 11. Rd1 a5 12. Ne5 Qc7 13. d4 Nce4 (13... Nfd7 $11) 14. f3 $14 Nd6 15. Nc3 $36 {[%emt 0:00:04][%mdl 2048] White fights for an advantage.} Nd7 (15... Bh7 $14) 16. e4 $16 dxe4 17. fxe4 {[%emt 0:00:01] Hoping for Nxd7.} Bh7 18. Nf3 {[%emt 0:00:02] White is more active.} (18. Nxd7 $16 Qxd7 19. d5) 18... Rfd8 19. Kh1 Nf8 20. Rac1 Ne8 (20... f6 $16 21. c5 Nf7) 21. d5 $18 exd5 22. cxd5 Bb4 23. dxc6 (23. e5 $18) 23... bxc6 24. Na4 (24. Nd4 $16 {[%cal Oc3d5] Black must now prevent Nd5!} Bc5 25. Na4 Bxd4 26. Rxd4 (26. Bxd4 Ne6 $14)) 24... Ne6 25. Rxd8 (25. Nd4 $14) 25... Rxd8 $11 26. Qc4 (26. Qe3 $11 {keeps the balance.}) 26... c5 (26... Nd6 $17 27. Qxc6 Qxc6 28. Rxc6 Nxe4) 27. Qe2 ({Better is} 27. a3 $11 Bd2 28. Nxd2 Rxd2 29. Bc3 Rxg2 30. Kxg2) 27... Nd6 (27... Qb7 $15 {stays ahead.}) 28. a3 $16 Nxe4 29. axb4 axb4 30. Kg1 (30. Qe1 $16) 30... Qa7 $2 (30... c4 $1 $11 {and Black is okay.} 31. Re1 (31. Qxc4 $2 Qa7+ 32. Nc5 N4xc5 $19) 31... Qa7+ 32. Qe3 Qxe3+ 33. Rxe3 c3) 31. Qe3 $1 $18 Nd4 $2 (31... Qd7 32. Re1 f6) 32. Ne5 $4 {[%emt 0:00:15][%mdl 8192] [#]} (32. Nxc5 Nxb3 33. Qxb3 Nxc5 $18) (32. Nxd4 $18 {and all is fine.} cxd4 33. Bxd4) 32... Nf5 $1 $19 33. Nc6 $2 ({But not} 33. Qxe4 $2 c4+ 34. Bd4 Nxd4 $19) (33. Qf3 c4+ 34. Kh1 Nf2+ 35. Kg1 Rd1+ 36. Rxd1 Nxd1+ 37. Kh1 (37. Kf1 $2 c3 $19) 37... Nf2+ 38. Kg1 Nd1+ 39. Kh1 (39. Kf1 $2 c3 $19) 39... Nf2+ 40. Kg1 Ne4+ 41. Kh1) 33... Nxe3 34. Nxa7 {[%emt 0:00:02] [#]} Rd2 $1 35. Bf3 Ng5 36. Bc6 Nh3+ 37. Kh1 Nf2+ 38. Kg1 Nh3+ 39. Kh1 Nf2+ 40. Kg1 {[%emt 0:00:01][%mdl 32768] Weighted Error Value: White=0.88/Black=0.60. An unexpected result.} 1/2-1/2

[Event "German-ch Blitz Women 2022"]
[Site "Magdeburg"]
[Date "2022.08.13"]
[Round "6.10"]
[White "Kunze, Kerstin"]
[Black "Kosovska, Olena"]
[Result "0-1"]
[ECO "B30"]
[WhiteElo "2020"]
[BlackElo "1831"]
[Annotator "TA"]
[PlyCount "63"]
[EventDate "2022.08.10"]
[EventType "tourn"]
[EventCountry "GER"]
[SourceTitle "playchess.com"]
[Source "ChessBase"]
[SourceQuality "1"]
[TimeControl "180+2"]

1. e4 c5 2. Nf3 Nc6 3. Bb5 d6 4. d4 cxd4 5. Qxd4 Bd7 6. Bxc6 bxc6 7. c4 e5 {[%emt 0:00:02] B53: Sicilian: 2...d6: Lines with Qxd4.} 8. Qd2 Nf6 9. Nc3 Bg4 {[%emt 0:00:06] [#] The position is equal.} 10. Qe3 $146 ({Predecessor:} 10. b3 Be7 11. Bb2 O-O 12. h3 Bxf3 13. gxf3 Nh5 14. Ne2 Bg5 15. Qd3 Qc7 16. Rg1 {0-1 (30) Kiracoglu,N-Celik,E Kemer 2012}) 10... Be7 11. O-O O-O 12. b3 Qb6 13. Qd3 Rfd8 14. h3 Bh5 15. Nh4 d5 16. Nf5 Bb4 17. cxd5 ({But not} 17. exd5 Bg6 18. Bb2 (18. Be3 Qa6 $17) 18... cxd5 19. Nxd5 {[#]} Rxd5 $1 20. cxd5 e4 21. Nh6+ gxh6 $15) (17. Bg5 {is interesting.} dxe4 18. Qg3 Rd3 19. Be3) 17... Bxc3 (17... cxd5 $14 18. Nxd5 Nxd5 19. exd5 Qb7) 18. Qxc3 $16 {[%emt 0:00:01] [#] And now Ne7+ would win.} cxd5 19. Qxe5 {[%emt 0:00:14] aiming for exd5.} ({Don't take} 19. Qg3 Bg6 $16) 19... dxe4 20. Bg5 Re8 21. Qf4 ({Better is} 21. Ne7+ $16 Kf8 22. Bxf6 Qxf6 23. Qxh5 Rxe7 24. Qxh7) 21... Bg6 22. Rad1 {[%emt 0:00:04] Against Nd5. Black must now prevent Rd6.} Nh5 23. Qg4 Nf6 24. Bxf6 Qxf6 25. Nd6 Re6 26. Rfe1 $2 {[%emt 0:00:06][%mdl 8192] This move loses the game for White.} Rxd6 $19 {[%emt 0:00:09] Black is clearly winning.} 27. Qg3 Re6 28. Qe3 h6 29. Rd7 Ra6 30. a4 Bf5 31. Rc7 Rb6 32. Rec1 {Weighted Error Value: White=0.48/Black=0.13 (very precise)} 0-1

[Event "German-ch Blitz Women 2022"]
[Site "Magdeburg"]
[Date "2022.08.13"]
[Round "6.11"]
[White "Doll, Rebecca"]
[Black "Falke, Ornella"]
[Result "0-1"]
[ECO "B92"]
[WhiteElo "1933"]
[BlackElo "1912"]
[Annotator "TA"]
[PlyCount "138"]
[EventDate "2022.08.10"]
[EventType "tourn"]
[EventCountry "GER"]
[SourceTitle "playchess.com"]
[Source "ChessBase"]
[SourceQuality "1"]
[TimeControl "180+2"]

1. e4 c5 2. Nf3 d6 3. d4 cxd4 4. Nxd4 Nf6 5. Nc3 a6 6. Be2 e5 7. Nf3 Be7 8. Bg5 Be6 {[%emt 0:00:06] B92: Sicilian Najdorf: 6 Be2.} 9. Bxf6 Bxf6 10. Nd5 Nd7 {[%emt 0:00:31] The position is equal.} 11. Bc4 Rc8 12. Qe2 {[%emt 0:00:19] [#]} Bxd5 $146 ({Predecessor:} 12... Nb6 13. Nxb6 {½-½ (13) Fedorchuk,S (2636)-Di Nicolantonio,L (2408) Paris 2019}) 13. Bxd5 Qc7 14. c3 O-O 15. O-O Kh8 16. Rfd1 Bd8 17. Qc2 Qc5 $2 (17... g6 $14) 18. Rd2 $2 (18. Bxb7 $18 Rb8 19. Bxa6) 18... Bb6 $2 (18... Qc7 $14) 19. Bxb7 Rc7 20. Bxa6 {[%emt 0:00:13] Threatens to win with Rd5.} Ra8 21. Bf1 Nf6 22. a4 Ba5 (22... Qc6 {might work better.} 23. Bd3 Rca7) 23. Qd3 Qc6 24. b4 ({But not} 24. Qxd6 Qxd6 25. Rxd6 Nxe4) 24... Bb6 25. a5 Ba7 26. b5 Qxc3 27. Qxc3 Rxc3 28. Rxd6 $2 (28. Rb2 $18) 28... Nxe4 $16 {[%emt 0:00:01] [#]} 29. Rd7 (29. Rd5 $1 $16 {And now b6 would win.} Bxf2+ 30. Kh1) 29... Bxf2+ $11 30. Kh1 Bc5 $1 31. Nxe5 (31. h3 $14 Ra3 32. Re1 Ng3+ 33. Kh2 Nxf1+ 34. Rxf1) 31... Nf2+ $15 32. Kg1 Nh3+ {[%mdl 64] [#] Discovered Attack (Double check)} 33. Kh1 Nf2+ 34. Kg1 Nd3+ 35. Kh1 Nxe5 36. Rc7 (36. Rd5 $15 f6 37. b6) 36... Bd4 $17 37. Rxc3 Bxc3 38. Ra3 Bxa5 {[%emt 0:00:04] Hoping for ...Ra7.} 39. b6 {[%emt 0:00:01] Against Ra7} Nc6 {[%emt 0:00:03] White must now prevent ...Rb8.} 40. Be2 $2 (40. g4 $15) 40... Rb8 41. Bf3 Rxb6 {[%emt 0:00:02] ( -> ...Rb1+)} 42. h4 (42. g4 $142 Bb4 43. Ra8+ Nb8 44. Ra7) 42... Nd4 $2 43. Rxa5 $15 {[%emt 0:00:02][%mdl 4096] Endgame White wants to mate with Ra8+. KRB-KRN} h6 44. Ra8+ Kh7 45. Be4+ g6 46. Ra7 Kg7 47. Bf3 $2 (47. Bd5 $15) 47... Rf6 $2 (47... Nxf3 $19 {and Black stays clearly on top.} 48. gxf3 Rb4) 48. Kh2 $2 (48. Bd5 $17) 48... Ne2 $4 49. g3 $4 Nf4 $2 (49... Rxf3 $19 50. Kg2 Rc3) 50. Bd5 $2 Ne6 $2 ({Black should try} 50... Nxd5 $19 51. Ra3 Rf2+ 52. Kg1 Re2) 51. Kg2 Nd4 52. Bc4 h5 53. Bd5 Nf5 54. Bc4 $2 (54. Ba2 $15) 54... Nd6 $2 (54... Ne3+ $19 55. Kh3 Nxc4) 55. Bb3 Nf5 56. Bc4 $1 Ne3+ 57. Kh2 $2 (57. Kg1 $15) 57... Nxc4 {[%emt 0:00:00] KRN-KR} 58. Kg2 Ne3+ 59. Kg1 Ng4 (59... Rf1+ $142 60. Kh2 Rf2+ 61. Kg1 Rg2+ 62. Kh1 Rxg3 63. Kh2 Nf5 64. Kh1 Nxh4 65. Kh2 Rg4 66. Kh1 g5 67. Kh2 Rg2+ 68. Kh3 Rg1 69. Rc7 Rg4 70. Kh2 Nf3+ 71. Kh3 Ng1+ 72. Kh2 h4 73. Rc3 Ne2 74. Re3 Nf4 75. Kh1 Rg3 76. Re7 Nh3 77. Rb7 Ng1 78. Rb4 Nf3 79. Rg4 Rg1+ 80. Rxg1 Nxg1 81. Kxg1 g4 82. Kg2 f5 83. Kh2 f4 84. Kg2 h3+ 85. Kf2 h2 86. Kg2 g3 87. Kh1 Kf6 88. Kg2 Kf5 89. Kh1 Kg4 90. Kg2 f3+ 91. Kh1 f2 92. Kg2 h1=Q+ 93. Kxh1 f1=Q#) 60. Kg2 Rf2+ 61. Kg1 Kh6 62. Ra4 Rf3 63. Kg2 Re3 64. Rf4 f6 65. Ra4 g5 {[%emt 0:00:01] aiming for ...Rc3.} 66. hxg5+ Kxg5 {[%emt 0:00:01] Black mates.} 67. Ra5+ f5 68. Rb5 Nf6 69. Rc5 Ne4 {[%emt 0:00:01] Both players deserved the win here.  Weighted Error Value: White=0.98/Black=1.05} 0-1

[Event "German-ch Blitz Women 2022"]
[Site "Magdeburg"]
[Date "2022.08.13"]
[Round "6.12"]
[White "Wulf, Constanze"]
[Black "Stangl, Anita"]
[Result "0-1"]
[ECO "A04"]
[WhiteElo "1835"]
[BlackElo "2023"]
[Annotator "RC"]
[PlyCount "55"]
[EventDate "2022.08.10"]
[EventType "tourn"]
[EventCountry "GER"]
[SourceTitle "playchess.com"]
[Source "ChessBase"]
[SourceQuality "1"]
[TimeControl "180+2"]

1. Nf3 e6 2. b3 d5 3. Bb2 c5 4. e3 Nc6 5. Bb5 Nf6 6. O-O Bd6 7. d3 O-O 8. Bxc6 bxc6 9. Qe2 Ba6 10. Nbd2 Rb8 11. e4 Nd7 12. Rfe1 Be7 13. Nf1 Nf6 14. Ng3 c4 15. dxc4 dxc4 16. Qe3 Qb6 17. Qc3 Bb4 18. Qe5 Bxe1 19. Rxe1 Qb5 20. Qc3 Rfd8 21. Ne5 Qb4 22. Qe3 Qd6 23. Qg5 Ne8 24. Ng4 Kf8 25. Nh5 g6 26. Qh6+ Ke7 27. Qxh7 Qd2 28. Rf1 0-1